 Dungeon Crawl Stone Soup version 0.25-a0-425-g0e000e855e (console) character file.

Game seed: 7869943216003065146, levelgen mode: deterministic

24582 Ignak the Thaumaturge (level 12, -5/95 HPs)
             Began as a Mummy Wizard on Jan 16, 2020.
             Was a High Priest of Vehumet.
             Killed by divine providence
             ... invoked by an orc priest
              (17 damage)
             ... on level 2 of the Orcish Mines on Jan 24, 2020.
             The game lasted 01:50:45 (17683 turns).

Ignak the Thaumaturge (Mummy Wizard)               Turns: 17683, Time: 01:50:46

Health: -5/95      AC: 13    Str: 10    XL:     12   Next: 81%
Magic:  21/27      EV: 15    Int: 21    God:    Vehumet [*****.]
Gold:   1147       SH:  8    Dex: 12    Spells: 2/33 levels left

rFire    + . .     SeeInvis +   n - +9 trident (vorpal)
rCold    . . .     Gourm    .   a - +3 buckler of Circular Logic {rF+ Regen+}
rNeg     + + +     Faith    .   b - +0 troll leather armour
rPois    ∞         Spirit   .   h - +2 helmet {SInv}
rElec    .         Reflect  .   (no cloak)
rCorr    .         Harm     .   c - +2 pair of gloves
MR       ++...                  m - +2 pair of boots
Stlth    +.........             j - amulet of regeneration
HPRegen  1.45/turn              l - ring of protection from magic
MPRegen  0.20/turn              d - ring of fire

@: no status effects
A: no food or potions, fire vulnerability, cold resistance 1, negative energy
resistance 3, torment resistance, unbreathing
a: Renounce Religion


You were on level 2 of the Orcish Mines.
You worshipped Vehumet.
Vehumet was extremely pleased with you.
You were not hungry.

You visited 3 branches of the dungeon, and saw 14 of its levels.
You also visited: Bailey and Gauntlet.

You collected 2786 gold pieces.
You spent 1639 gold pieces at shops.

Inventory:

Hand Weapons
 n - a +9 vorpal trident (weapon)
Missiles
 f - 50 poisoned darts (quivered)
Armour
 a - the +3 buckler of Circular Logic (worn) {rF+ Regen+}
   (You found it in a Gauntlet)

   It protects you from fire.
   It increases your rate of regeneration.
 b - a +0 troll leather armour (worn)
 c - a +2 pair of gloves (worn)
 g - +0 steam dragon scales
 h - a +2 helmet of see invisible (worn)
 m - a +2 pair of boots (worn)
 t - a +1 buckler of cold resistance
 w - a +2 leather armour of fire resistance
 x - the +2 hat of the Bear Spirit {Spirit, +Rage rN+ MR++}
   (You found it in a Gauntlet)

   It protects you from negative energy.
   It affects your resistance to hostile enchantments.
   It lets you go berserk.
Jewellery
 d - a ring of fire (right hand)
 j - an amulet of regeneration (around neck)
 l - a ring of protection from magic (left hand)
 q - an uncursed ring of protection from cold
 v - the ring "Ucha" {+Fly rPois rC+ rN+ Int-2}
   (You found it in a Gauntlet)

   [ring of protection from cold]

   It affects your intelligence (-2).
   It protects you from cold.
   It protects you from poison.
   It protects you from negative energy.
   It lets you fly.
 A - a +6 ring of intelligence
Wands
 e - a wand of random effects (30)
 u - a wand of polymorph (10)
Scrolls
 i - 6 scrolls of teleportation
 k - 4 scrolls of remove curse
 p - 5 scrolls of immolation
 r - a scroll of enchant weapon
Miscellaneous
 y - a crystal ball of energy
 z - a lightning rod (inert)


   Skills:
 + Level 9.0 Fighting
 - Level 5.0 Polearms
 + Level 7.8 Dodging
 - Level 1.5 Stealth
 - Level 4.2 Shields
 + Level 11.1 Spellcasting
 - Level 6.3 Conjurations
 + Level 8.5 Summonings
 * Level 4.4 Necromancy
 - Level 1.0 Translocations


You had 2 spell levels left.
You knew the following spells:

 Your Spells              Type           Power        Failure   Level  Hunger
a - Magic Dart            Conj           ####         1%          1    N/A
b - Blink                 Tloc           N/A          8%          2    N/A
c - Conjure Flame         Conj/Fire      #####...     1%          3    N/A
d - Mephitic Cloud        Conj/Pois/Air  ###.....     2%          3    N/A
e - Summon Ice Beast      Ice/Summ       ####....     14%         4    N/A
f - Searing Ray           Conj           #####.       1%          2    N/A
g - Freeze                Ice            ##..         2%          1    N/A
h - Gell's Gravitas       Tloc           ###.......   16%         3    N/A
i - Call Imp              Summ           #####...     1%          2    N/A
j - Death Channel         Necr           ####......   89%         6    N/A
x - Summon Lightning Spi  Summ/Air       ####....     14%         4    N/A

Your spell library contained the following spells:

 Spells                   Type           Power        Failure   Level  Hunger
 Lightning Bolt           Conj/Air       ###.......   16%         5    N/A
 Animate Skeleton         Necr           N/A          1%          1    N/A
 Pain                     Necr           ####         1%          1    N/A
 Summon Small Mammal      Summ           ####         1%          1    N/A
 Sandblast                Erth           ##....       2%          1    N/A
 Corpse Rot               Necr/Air       N/A          4%          2    N/A
 Shroud of Golubria       Chrm/Tloc      ##....       10%         2    N/A
 Passwall                 Tmut/Erth      ##......     12%         2    N/A
 Slow                     Hex            ##......     12%         2    N/A
 Song of Slaying          Chrm           ##......     12%         2    N/A
 Swiftness                Chrm/Air       ##......     12%         2    N/A
 Call Canine Familiar     Summ           #####...     1%          3    N/A
 Stone Arrow              Conj/Erth      ###...       1%          3    N/A
 Recall                   Summ/Tloc      N/A          3%          3    N/A
 Vampiric Draining        Necr           ####......   3%          3    N/A
 Summon Guardian Golem    Hex/Summ       ####....     4%          3    N/A
 Aura of Abjuration       Summ           #####.....   7%          5    N/A
 Summon Demon             Summ           #####.....   7%          5    N/A
 Animate Dead             Necr           N/A          13%         4    N/A
 Dispel Undead            Necr           ####....     13%         4    N/A
 Lesser Beckoning         Tloc           ###.......   16%         3    N/A
 Teleport Other           Tloc           ###.....     16%         3    N/A
 Iskenderun's Battlesphe  Conj/Chrm      ###.....     16%         5    N/A
 Confusing Touch          Hex            ##......     24%         3    N/A
 Summon Forest            Summ/Tloc      ####......   30%         5    N/A
 Agony                    Necr           ####....     34%         5    N/A
 Summon Mana Viper        Hex/Summ       ####....     36%         5    N/A
 Shadow Creatures         Summ           N/A          36%         6    N/A
 Passage of Golubria      Tloc           N/A          45%         4    N/A
 Lee's Rapid Deconstruct  Erth           ##........   45%         5    N/A
 Yara's Violent Unravell  Hex/Tmut       ##........   45%         5    N/A
 Petrify                  Tmut/Erth      ##......     61%         4    N/A
 Excruciating Wounds      Chrm/Necr      ###.......   65%         5    N/A
 Metabolic Englaciation   Hex/Ice        ##........   91%         5    N/A
 Deflect Missiles         Chrm/Air       ##........   100%        6    N/A
 Ring of Flames           Chrm/Fire      ###.......   100%        7    N/A
 Sublimation of Blood     Necr           Unusable     N/A         2    N/A

Dungeon Overview and Level Annotations

Branches:
Dungeon (11/15)            Temple (1/1) D:6            Lair (0/6) D:11
    Orc (2/2) D:11         Bailey (visited)         Gauntlet (visited)
    Elf: Orc:2

Altars:
Cheibriados
Dithmenos
Elyvilon
Fedhas
Gozag
Hepliaklqana
Nemelex Xobeh
Okawaru
Qazlal
Trog
Uskayaw
Vehumet
Xom
Zin

Shops:
D:10 *   Orc:1 (

Portals:
Trove: D:10 (give 15 scrolls of teleportation)

Annotations:
D:3 Elellon's ghost, amateur GrEE
D:8 Gastronok


Innate Abilities, Weirdness & Mutations

You do not eat or drink.
Your flesh is vulnerable to fire.
You are immune to poison.
Your flesh is cold resistant. (rC+)
You are immune to negative energy. (rN+++)
You are immune to unholy pain and torment.
You can survive without breathing.


Message History

Here: a sun demon (summoned)
The floor.
Unknown command.
Vehumet accepts your kill.
You feel your power returning.
You feel a bit more experienced.
Press: ? - help, v - describe, . - travel
Here: an orc priest, wielding a +0 war axe and wearing a +0 scale mail (lightly wounded)
The floor.
Casting: Mephitic Cloud (safe; 2% risk of failure)
Confirm with . or Enter, or press ? or * to list all spells.
Aiming: Mephitic Cloud (safe; 2% risk of failure)
Press: ? - help, Shift-Dir - straight line, p - orc priest The ball explodes into a vile cloud!
The stinking cloud engulfs the orc priest but does no damage.
The orc priest is lightly wounded.
You block the sun demon's attack.
The sun demon hits you but does no damage.
The orc priest invokes the aid of Beogh against you.
Beogh smites you!
You die...

#.....## #......## #......##
####### #.<.<..##
##.....#####......#
#.....###.#......##
##..............##
###...........## #
###.@.^....## ####
#....#..## .#.## # #3..#####
....# #.##o.○#..## ...##
###..o○○....## #...#
###....°○☼4....## o..###
###.#.oo..#.......##
...#o###.##.oo..###.o.....##
.)o.......oo..## ##.......#


You could see an orc high priest, a sun demon, an ice devil, an orc priest and
an orc wizard.

Vanquished Creatures
  The ghost of Kuloyrph the Sharpshooter, a journeyman MiBe of Trog (Orc:1)
  Erolcha (D:9)
  A hydra (D:8)
  Harold (D:9)
  A centaur warrior (D:10)
  6 two-headed ogres
  4 skeletal warriors (D:11)
  An unseen horror (D:10)
  3 orc knights (Bailey)
  A cyclops (D:11)
  A manticore (D:11)
  Joseph (D:7)
  A torpor snail (Gauntlet)
  Maggie (D:10)
  3 trolls
  2 dream sheep (D:8)
  5 hippogriffs
  A wyvern (D:11)
  A shadow (D:11)
  A yak (D:8)
  A hungry ghost (D:11)
  Grum (D:9)
  2 steam dragons
  A vampire mosquito (D:10)
  Menkaure (D:5)
  2 water moccasins
  Duvessa (D:4)
  15 orc warriors
  A hornet zombie (D:3)
  2 ice beasts
  3 phantoms
  2 black bears
  A sky beast (D:5)
  5 centaurs
  8 ogres
  3 wolves (D:9)
  2 gnoll sergeants
  5 big kobolds
  2 bullfrogs (D:7)
  3 scorpions
  A water moccasin skeleton (D:3)
  5 wights (D:7)
  2 centaur zombies
  A crimson imp (D:6)
  2 bullfrog skeletons
  4 hounds
  A gnoll shaman (D:7)
  4 orc priests
  2 jellies
  6 orc wizards
  3 centaur skeletons
  5 iguanas
  Terence (D:2)
  10 worker ants
  A killer bee zombie (D:6)
  A bullfrog simulacrum (Gauntlet)
  A hound zombie (D:8)
  3 hound skeletons
  2 worker ant zombies
  A howler monkey skeleton (D:7)
  21 gnolls
  8 adders
  A shadow imp (D:11)
  2 oozes
  A worm (D:5)
  7 leopard geckos
  53 orcs
  A ball python (D:3)
  9 giant cockroaches
  28 goblins
  13 hobgoblins
  14 jackals
  12 kobolds
  6 quokkas
  8 bats
  5 frilled lizards
  A jackal skeleton (D:4)
  A leopard gecko zombie (D:7)
  A quokka skeleton (D:3)
  5 rats
351 creatures vanquished.

Vanquished Creatures (collateral kills)
  A minotaur (Gauntlet)
  2 hydras
  A two-headed ogre (Orc:1)
  Erica (Orc:1)
  A skeletal warrior (D:11)
  An orc knight (Orc:1)
  A troll (Orc:1)
  A raiju (Gauntlet)
  A wraith (D:10)
  A yak (D:8)
  2 steam dragons
  8 orc warriors
  A sky beast (D:10)
  7 ogres
  3 big kobolds (D:4)
  A bullfrog (D:9)
  A scorpion (D:4)
  Dowan (D:5)
  2 crimson imps
  8 orc priests
  2 orc wizards
  A worker ant (D:4)
  A bullfrog simulacrum (Gauntlet)
  Robin (D:2)
  5 gnolls
  2 adders (D:3)
  2 leopard geckos
  16 orcs
  3 ball pythons
  14 goblins
  11 hobgoblins
  A jackal (D:5)
  A bat (D:3)
  A jackal skeleton (D:5)
  5 kobolds
  A rat (D:3)
112 creatures vanquished.

Vanquished Creatures (others)
  An ogre (D:4)
  A howler monkey skeleton (D:7)
  3 demonic plants (Gauntlet)
5 creatures vanquished.

Grand Total: 468 creatures vanquished

Notes
Turn   | Place    | Note
-------+----------+-------------------------------------------
     0 | D:1      | Ignak the Mummy Wizard began the quest for the Orb.
     0 | D:1      | Reached XP level 1. HP: 13/13 MP: 5/5
    32 | D:1      | Reached skill level 1 in Conjurations
   171 | D:1      | Reached XP level 2. HP: 20/20 MP: 7/7
   175 | D:1      | Learned a level 2 spell: Blink
   178 | D:1      | Learned a level 2 spell: Call Imp
   345 | D:1      | Reached skill level 1 in Fighting
   844 | D:2      | Reached XP level 3. HP: 21/26 MP: 8/8
   850 | D:2      | Noticed Robin
   869 | D:2      | Learned a level 3 spell: Mephitic Cloud
   869 | D:2      | Killed Robin
   906 | D:2      | Reached skill level 1 in Translocations
  1352 | D:2      | Found a blossoming altar of Fedhas.
  1378 | D:2      | Reached skill level 1 in Summonings
  1397 | D:2      | Noticed Terence
  1408 | D:2      | Killed Terence
  1408 | D:2      | Reached XP level 4. HP: 29/32 MP: 2/10
  1577 | D:2      | Upgraded the game from 0.25-a0-413-g3b4b6a4ccc to
                  | 0.25-a0-425-g0e000e855e
  2460 | D:3      | Found a transporter.
  2498 | D:3      | Reached XP level 5. HP: 11/38 MP: 4/12
  2612 | D:3      | Reached skill level 5 in Spellcasting
  2755 | D:3      | Found a transporter.
  2755 | D:3      | Noticed Elellon's ghost (amateur GrEE)
  3255 | D:2      | Learned a level 3 spell: Conjure Flame
  3323 | D:3      | Reached XP level 6. HP: 33/46 MP: 9/14
  4279 | D:4      | Reached XP level 7. HP: 17/52 MP: 4/15
  4482 | D:4      | Reached skill level 6 in Spellcasting
  5637 | D:5      | Entered Level 5 of the Dungeon
  5710 | D:5      | Found a shadowy altar of Dithmenos.
  5710 | D:5      | Found a glowing silver altar of Zin.
  5710 | D:5      | Found a sparkling altar of Nemelex Xobeh.
  5729 | D:5      | Reached XP level 8. HP: 21/61 MP: 12/18
  5895 | D:5      | Noticed Menkaure
  5918 | D:5      | Killed Menkaure
  5935 | D:5      | Reached skill level 7 in Spellcasting
  6084 | D:5      | Noticed Dowan
  6087 | D:5      | Noticed Duvessa
  6104 | D:5      | Killed Dowan
  6118 | D:5      | HP: 2/61 [shot self (9)]
  6119 | D:5      | Reached skill level 1 in Polearms
  6211 | D:4      | Killed Duvessa
  6211 | D:4      | Reached skill level 5 in Fighting
  6589 | D:5      | Found a hazy altar of Hepliaklqana.
  6629 | D:5      | Noticed a two-headed ogre
  6697 | D:5      | Killed a two-headed ogre
  6697 | D:5      | Reached skill level 5 in Dodging
  6697 | D:5      | Reached skill level 8 in Spellcasting
  6697 | D:5      | Reached skill level 5 in Conjurations
  6697 | D:5      | Reached XP level 9. HP: 69/69 MP: 5/21
  7124 | D:6      | Noticed a +0 hand axe
  7125 | D:6      | Found a hide-covered altar of Uskayaw.
  7125 | D:6      | Noticed a -2 dagger
  7786 | D:6      | Found a staircase to the Ecumenical Temple.
  8028 | D:7      | Found an iron altar of Okawaru.
  8118 | D:7      | Noticed Joseph
  8411 | D:7      | Killed Joseph
  8489 | D:7      | Learned a level 3 spell: Gell's Gravitas
  8611 | D:7      | Reached skill level 9 in Spellcasting
  8661 | D:7      | Reached XP level 10. HP: 69/77 MP: 6/23
  9164 | D:8      | Noticed a two-headed ogre
  9290 | D:7      | Killed a two-headed ogre
  9794 | D:9      | Noticed Grum
  9802 | D:9      | Killed Grum
  9819 | D:9      | Noticed Harold
  9860 | D:9      | Killed Harold
 10078 | D:9      | Found a snail-covered altar of Cheibriados.
 10235 | Temple   | Entered the Ecumenical Temple
 10252 | Temple   | Became a worshipper of Vehumet
 10322 | D:8      | Found a white marble altar of Elyvilon.
 10585 | D:8      | Reached * piety under Vehumet
 10585 | D:8      | Offered knowledge of Freeze by Vehumet.
 10590 | D:8      | Noticed a two-headed ogre
 10670 | D:8      | Killed a two-headed ogre
 10670 | D:8      | Reached skill level 10 in Spellcasting
 10756 | D:8      | Learned a level 1 spell: Freeze
 10810 | D:8      | Reached XP level 11. HP: 85/85 MP: 15/25
 10815 | D:8      | Noticed a two-headed hydra
 10852 | D:8      | Killed a four-headed hydra
 10852 | D:8      | Reached skill level 5 in Polearms
 11220 | D:8      | Noticed Gastronok
 11268 | D:9      | Noticed Erolcha
 11283 | D:9      | Killed Erolcha
 11526 | D:10     | Entered Level 10 of the Dungeon
 11592 | D:10     | Noticed a centaur warrior
 11593 | D:10     | Found a flagged portal.
 11596 | D:10     | Noticed Maggie
 11615 | Bailey   | Entered a bailey
 11633 | Bailey   | Reached ** piety under Vehumet
 11633 | Bailey   | Offered knowledge of Shock by Vehumet.
 11786 | Bailey   | Noticed an orc knight
 11789 | Bailey   | Offered knowledge of Searing Ray by Vehumet.
 11836 | Bailey   | Noticed an orc knight
 11847 | Bailey   | Killed an orc knight
 11864 | Bailey   | Reached *** piety under Vehumet
 11878 | Bailey   | Learned a level 2 spell: Searing Ray
 11901 | Bailey   | Noticed an orc knight
 11914 | Bailey   | Killed an orc knight
 11914 | Bailey   | Reached skill level 5 in Summonings
 11947 | Bailey   | Killed an orc knight
 12064 | Bailey   | Learned a level 4 spell: Summon Ice Beast
 12069 | Bailey   | Learned a level 4 spell: Summon Lightning Spire
 12181 | D:10     | Killed a centaur warrior
 12192 | D:10     | Killed Maggie
 12382 | D:10     | Identified a scroll of acquirement
 12414 | D:10     | Identified the +7 bardiche "Lutun" {pain, rElec Int-3
                  | Dex+4} (You acquired it on level 10 of the Dungeon)
 12414 | D:10     | Identified the amulet "Pouv" {RegenMP Fragile rElec rN+
                  | Int+4} (You acquired it on level 10 of the Dungeon)
 12434 | D:10     | Noticed an unseen horror
 12456 | D:10     | Killed an unseen horror
 12456 | D:10     | Offered knowledge of Static Discharge by Vehumet.
 12712 | D:10     | Found Wostal's General Store.
 12720 | D:10     | Bought a scroll of enchant armour for 90 gold pieces
 12720 | D:10     | Bought the Papyrus of Black Arts for 709 gold pieces
 12720 | D:10     | Bought a book of Summonings for 840 gold pieces
 12740 | D:10     | Found a portal to a secret trove of treasure.
 13244 | D:11     | Found a gate leading to a gauntlet.
 13251 | Gauntlet | Entered a Gauntlet
 13251 | Gauntlet | Found a transporter.
 13251 | Gauntlet | Found a large runed translucent door.
 13251 | Gauntlet | Found a large runed translucent door.
 13251 | Gauntlet | Found a large runed translucent door.
 13251 | Gauntlet | Found a large runed translucent door.
 13251 | Gauntlet | Found a runed translucent door.
 13251 | Gauntlet | Found a runed translucent door.
 13251 | Gauntlet | Found a large runed translucent door.
 13251 | Gauntlet | Found a large runed translucent door.
 13251 | Gauntlet | Found a large runed translucent door.
 13251 | Gauntlet | Found a large runed translucent door.
 13251 | Gauntlet | Found a large runed translucent door.
 13251 | Gauntlet | Found a large runed translucent door.
 13252 | Gauntlet | Found a large runed translucent door.
 13252 | Gauntlet | Found a large runed translucent door.
 13253 | Gauntlet | Found a large runed translucent door.
 13253 | Gauntlet | Found a large runed translucent door.
 13253 | Gauntlet | Found a large runed translucent door.
 13253 | Gauntlet | Found a large runed translucent door.
 13269 | Gauntlet | Noticed a soul eater
 13270 | Gauntlet | Found a transporter.
 13286 | Gauntlet | Found a transporter.
 13293 | Gauntlet | Found a transporter.
 13312 | Gauntlet | Identified the amulet "Borphingem" {Spirit rF+ Dex+7}
 13314 | Gauntlet | Found a transporter.
 13328 | Gauntlet | Found a transporter.
 13328 | Gauntlet | Noticed a hell beast
 13337 | Gauntlet | Noticed a thrashing horror
 13340 | Gauntlet | Found a transporter.
 13343 | Gauntlet | Noticed a thrashing horror
 13352 | Gauntlet | Found a transporter.
 13352 | Gauntlet | Noticed an orange crystal statue
 13375 | Gauntlet | Found a transporter.
 13383 | Gauntlet | Found a transporter.
 13388 | Gauntlet | Noticed a four-headed hydra
 13392 | Gauntlet | Found a transporter.
 13392 | Gauntlet | Noticed a death drake
 13415 | Gauntlet | Found a transporter.
 13428 | Gauntlet | Found a transporter.
 13430 | Gauntlet | Found a transporter.
 13457 | Gauntlet | Found a runed translucent gate.
 13457 | Gauntlet | Found a runed translucent gate.
 13457 | Gauntlet | Found a runed translucent gate.
 13459 | Gauntlet | Found a transporter.
 13461 | Gauntlet | Found a transporter.
 13491 | Gauntlet | Found a transporter.
 13493 | Gauntlet | Found a transporter.
 13584 | Gauntlet | Got a smoking granite ring
 13646 | Gauntlet | Got a scorched hat
 13743 | Gauntlet | Identified the ring "Ucha" {+Fly rPois rC+ rN+ Int-2} (You
                  | found it in a Gauntlet)
 13756 | Gauntlet | Identified the +2 hat of Ukitruir {MP-9 Str+5} (You found
                  | it in a Gauntlet)
 13979 | Gauntlet | Killed a four-headed hydra
 13979 | Gauntlet | Reached XP level 12. HP: 31/94 MP: 1/26
 13983 | Gauntlet | Got a pair of fine boots
 13996 | Gauntlet | Identified the +0 pair of boots of Cupyxa Rety {rC+ rN+}
                  | (You found it in a Gauntlet)
 14175 | Gauntlet | Identified the cursed +0 hunting sling "Nisosaj" {freeze,
                  | MR+}
 14175 | Gauntlet | Noticed a minotaur
 14471 | Gauntlet | Killed a minotaur
 14519 | Gauntlet | Got a jewelled buckler
 14521 | Gauntlet | Identified the Incunabulum of Good Luck
 14526 | Gauntlet | Found the +2 hat of the Bear Spirit {Spirit, +Rage rN+
                  | MR++}
 14540 | Gauntlet | Identified the +3 buckler of Circular Logic {rF+ Regen+}
                  | (You found it in a Gauntlet)
 14604 | D:11     | Found a staircase to the Lair.
 14625 | D:11     | Learned a level 6 spell: Death Channel
 14727 | D:11     | Reached skill level 1 in Shields
 14755 | D:11     | Reached **** piety under Vehumet
 14841 | D:11     | Offered knowledge of Bolt of Magma by Vehumet.
 14857 | D:11     | Noticed an eight-headed hydra
 14889 | D:11     | Killed an eight-headed hydra
 15513 | D:11     | Reached skill level 1 in Necromancy
 15724 | D:11     | Found a staircase to the Orcish Mines.
 15981 | Orc:1    | Entered Level 1 of the Orcish Mines
 16077 | Orc:1    | Found a shimmering altar of Xom.
 16222 | Orc:1    | Found Tikhluesm's Antique Weapon Emporium.
 16226 | Orc:1    | Found a transporter.
 16228 | Orc:1    | Found a transporter.
 16229 | Orc:1    | Noticed a two-headed ogre
 16229 | Orc:1    | Noticed Kuloyrph's ghost (journeyman MiBe)
 16230 | Orc:1    | Noticed a two-headed ogre
 16230 | Orc:1    | Identified the cursed +2 great mace of Teluklo {freeze,
                  | rC++ rN+ Int+4}
 16230 | Orc:1    | Noticed a two-headed ogre
 16233 | Orc:1    | Noticed a two-headed ogre
 16473 | Orc:1    | Noticed Erica
 16488 | Orc:1    | Killed Erica
 16784 | Orc:1    | Found a bloodstained altar of Trog.
 16805 | Orc:1    | Reached ***** piety under Vehumet
 16973 | Orc:1    | Killed a two-headed ogre
 17051 | Orc:1    | Killed a two-headed ogre
 17299 | Orc:1    | Killed Kuloyrph's ghost
 17299 | Orc:1    | Offered knowledge of Lightning Bolt by Vehumet.
 17299 | Orc:1    | Reached skill level 11 in Spellcasting
 17407 | Orc:1    | Killed a two-headed ogre
 17418 | Orc:1    | Killed a two-headed ogre
 17535 | Orc:2    | Entered Level 2 of the Orcish Mines
 17645 | Orc:2    | Noticed an orc high priest
 17649 | Orc:2    | Noticed an orc high priest
 17683 | Orc:2    | Killed from afar by an orc priest

Levels and vault maps discovered:
D:1:      minmay_arrival_semitransparent, layout_loops_ring
D:2:      layout_loops_ring, first_ration, fedhas_altar_2, uniq_terence,
          uniq_robin
D:3:      layout_basic, gammafunk_ghost_mausoleum, saegor_snake_ambush
D:4:      minmay_goblin_kobold_castle, layout_basic
D:5:      layout_loops_ring, old_standard_altar,
          gammafunk_temple_overflow_forgotten, uniq_menkaure, uniq_duvessa
D:6:      layout_cave_pools, dancing_weapons_uskayaw, minmay_temple_entry_ruins
D:7:      layout_basic, okawaru_ov_weapons_minmay, uniq_joseph
D:8:      layout_basic, elyvilon_altar_5, hangedman_ranch
          [blue_anna_fruit_fields], uniq_gastronok
D:9:      layout_basic, old_standard_altar, uniq_erolcha, uniq_harold, uniq_grum
D:10:     layout_small_grid, serial_shops, shop, enter_trove_3, enter_bailey_2,
          grunt_tough_drop, uniq_maggie
D:11:     minmay_recursive_quarters, layout_loops_corners, lair_entry_dummy,
          david_orc_4, gauntlet_entry_generic
Temple:   zaba_magenta_temple
Orc:1:    layout_caves, gammafunk_ghost_smash, basic_altar, serial_shops, shop,
          trog_butcher_becter, uniq_erica
Orc:2:    st_orc_mages, layout_diamond_mine, nicolae_orc_lava_tube,
          nooodl_orcs_dogs

Skill      XL: |  1  2  3  4  5  6  7  8  9 10 11 12 |
---------------+-------------------------------------+-----
Conjurations   | 1 2 3 5 6 |  6.3
Fighting       | 1 2 3 4 5 6 7 8 9 |  9.0
Dodging        | 2 3 4 5 6 7 |  7.8
Translocations | 1 |  1.0
Summonings     | 1 2 8 |  8.5
Spellcasting   | 5 6 8 9 10 11 | 11.1
Polearms       | 2 3 4 5 |  5.0
Shields        | 4 |  4.2
Necromancy     | 4 |  4.4
Stealth        | |  1.5

Action                   |  1- 3 |  4- 6 |  7- 9 | 10-12 || total
-------------------------+-------+-------+-------+-------++-------
Melee: Club              |    10 |       |       |       ||    10
       Whip              |    60 |   189 |    33 |       ||   282
       Unarmed           |     1 |       |       |       ||     1
       Spear             |       |       |   281 |     5 ||   286
       Halberd           |       |       |    16 |       ||    16
       Trident           |       |       |   125 |   593 ||   718
Throw: Throwing net      |       |     1 |     1 |       ||     2
       Dart              |       |       |    38 |    62 ||   100
 Cast: Magic Dart        |    10 |    13 |    13 |     3 ||    39
       Call Imp          |    11 |    39 |    46 |    38 ||   134
       Mephitic Cloud    |     1 |    10 |    33 |    61 ||   105
       Conjure Flame     |       |     7 |     1 |     2 ||    10
       Blink             |       |     2 |     4 |    15 ||    21
       Gell's Gravitas   |       |       |     7 |    16 ||    23
       Summon Lightning  |       |       |       |    72 ||    72
       Summon Ice Beast  |       |       |       |    31 ||    31
       Searing Ray       |       |       |       |    17 ||    17
       Freeze            |       |       |       |     6 ||     6
Evoke: Wand              |       |       |     2 |    20 ||    22
       Lightning rod     |       |       |       |     4 ||     4
  Use: Scroll            |     1 |     4 |     6 |    19 ||    30
 Stab: Sleeping          |     3 |     4 |     2 |     4 ||    13
       Confused          |       |       |    12 |    20 ||    32
       Distracted        |       |       |     2 |     5 ||     7
Armor: Robe              |    24 |    49 |    72 |     7 ||   152
       Troll leather arm |       |       |       |   175 ||   175
Dodge: Dodged            |    60 |   199 |   368 |   545 ||  1172
Block: Buckler           |       |       |       |    64 ||    64

Table legend:
 A = Non-vault XP
 B = Vault XP
 C = Vault XP percentage of total XP
 D = Non-vault monster count
 E = Vault monster count
 F = Vault count percentage of total count
                 A         B        C        D         E       F
            +---------+---------+-------+---------+---------+-------
      Total |   17687 |   17431 |  49.6 |     272 |     193 |  41.5
            +---------+---------+-------+---------+---------+-------
        D:1 |      31 |       0 |   0.0 |      14 |       0 |   0.0
        D:2 |      31 |      62 |  66.7 |      13 |      14 |  51.9
        D:3 |     158 |     185 |  53.9 |      37 |       6 |  14.0
        D:4 |     476 |     519 |  52.2 |      15 |      60 |  80.0
        D:5 |    2098 |     183 |   8.0 |      36 |       2 |   5.3
        D:6 |     405 |       0 |   0.0 |      10 |       0 |   0.0
        D:7 |    2601 |     417 |  13.8 |      37 |       1 |   2.6
        D:8 |    1298 |    1584 |  55.0 |      25 |       8 |  24.2
        D:9 |     595 |    2379 |  80.0 |       8 |       6 |  42.9
       D:10 |    2097 |    1862 |  47.0 |      20 |       7 |  25.9
       D:11 |    5963 |    1169 |  16.4 |      34 |      22 |  39.3
      Orc:1 |    1633 |    4173 |  71.9 |      22 |      11 |  33.3
      Orc:2 |     301 |     213 |  41.4 |       1 |       8 |  88.9
     Bailey |       0 |    2435 | 100.0 |       0 |      40 | 100.0
   Gauntlet |       0 |    2250 | 100.0 |       0 |       8 | 100.0
            +---------+---------+-------+---------+---------+-------
